 Dungeon Crawl Stone Soup version 0.31-a0-496-g6f97920a28 (webtiles) character file.

Game seed: 4636856971831807082

170 Newt the Changeling (level 5, -5/45 HPs)
             Began as a Draconian Shapeshifter on Aug 8, 2023.
             Killed by divine providence
             ... invoked by an orc priest
              (12 damage)
             ... on level 3 of the Dungeon.
             The game lasted 00:01:47 (2044 turns).

Newt the Changeling (Draconian Shapeshifter)        Turns: 2044, Time: 00:01:47

Health: -5/45      AC:  5    Str: 20    XL:     5   Next: 26%
Magic:  5/5        EV: 12    Int:  8    God:
Gold:   68         SH:  0    Dex: 11    Spells: 4/4 levels left

rFire   . . .        l - +2 hand axe (drain)
rCold   . . .        (no shield)
rNeg    . . .        (body armour unavailable)
rPois   .            (helmet currently unavailable)
rElec   .            (cloak currently unavailable)
rCorr   +            (gloves currently unavailable)
SInv    .            (boots currently unavailable)
Will    .....        (no amulet)
Stlth   +            h - ring of resist corrosion
HPRegen 0.27/turn    (no ring)
MPRegen 0.09/turn

%: no passive effects
@: beast-form
A: beast (slay +3), AC +5, unfitting armour, cold-blooded
a: Begin Untransformation


You were on level 3 of the Dungeon.
You were a hulking beast.
You visited 1 branch of the dungeon, and saw 3 of its levels.

You collected 68 gold pieces.

Inventory:

Hand Weapons
 g - a +0 spear
 l - a +2 hand axe of draining (weapon)
Missiles
 q - 2 boomerangs
Armour
 p - a +0 hat
 r - a +1 buckler
Jewellery
 d - a +6 ring of intelligence
 h - a ring of resist corrosion (left hand)
Talismans
 b - a beast talisman (active)
 c - a flux talisman
Scrolls
 i - a scroll of poison
 j - a scroll of fear {unknown}
 s - a scroll of fog {unknown}
 t - a scroll of immolation {unknown}
Potions
 a - a potion of lignification
 e - a potion of magic
 f - a potion of enlightenment
 k - a potion of curing {unknown}
 m - a potion of attraction {unknown}
 n - a potion of heal wounds {unknown}
 o - a potion of ambrosia {unknown}


   Skills:
 - Level 3.0 Fighting
 - Level 1.7 Dodging
 - Level 3.0 Unarmed Combat
 + Level 4.8 Shapeshifting


You had 4 spell levels left.
You didn't know any spells.
Your spell library contained the following spells:

 Spells                   Type           Power      Damage    Failure   Level
 Apportation              Tloc           0%         N/A       41%         1
 Cigotuvi's Dreadful Rot  Necr/Pois/Air  0%         N/A       54%         2
 Dispel Undead            Necr           0%         3d6       99%         4
 Alistair's Intoxication  Tmut/Pois      0%         N/A       100%        5
 Death Channel            Necr           0%         N/A       100%        6


Dungeon Overview and Level Annotations

Branches:
Dungeon (3/15)

Altars:
Yredelemnul


Innate Abilities, Weirdness & Mutations

You are a hulking beast.
Your limbs bulge with bestial killing power. (Slay +3)
Your plain brown scales are hard. (AC +5)
You cannot fit into any form of body armour.
You are cold-blooded and may be slowed by cold attacks.


Message History

You barely miss the orc. The orc hits you with a +0 falchion. x2
You are too injured to fight recklessly!
You are too injured to fight recklessly!
You are too injured to fight recklessly!
You are too injured to fight recklessly!
You are too injured to fight recklessly!
You are too injured to fight recklessly!
You are too injured to fight recklessly!
You are too injured to fight recklessly!
You are too injured to fight recklessly!
You are too injured to fight recklessly!
You are too injured to fight recklessly!
You are too injured to fight recklessly!
You are too injured to fight recklessly!
You are too injured to fight recklessly!
You are too injured to fight recklessly!
You are too injured to fight recklessly!
Unknown command.
You slash the orc!
You kill the orc!
The orc priest looks satisfied for a moment.
Unknown command.
You closely miss the orc. You tail-slap the orc!
You kill the orc!
The orc priest calls down the wrath of Beogh upon you.
Beogh smites you!
* * * LOW HITPOINT WARNING * * *
Unknown command.
Okay, then.
Unknown command.
You hit the orc priest. You drain the orc priest.
The orc priest is severely wounded.
The orc priest calls upon Beogh to heal the orc priest.
The orc priest is healed somewhat.
The orc priest mumbles some strange prayers to Beogh against you.
Pain shoots through your body!
* * * LOW HITPOINT WARNING * * *
The orc priest invokes the aid of Beogh against you.
Beogh smites you!
You die...

# ##.###.#
#.###.# #..<#.#
###.#.# #.#.#
#.#####.#.# #
#.........#
...##.#######.###
.....ooh......#
....#.######### #
.. ... ###


You could see 2 orc priests.

Vanquished Creatures
  13 adders
  A gnoll (D:1)
  A dart slug (D:1)
  3 orcs (D:3)
  2 bats (D:3)
  An endoplasm (D:1)
  4 giant cockroaches
  3 goblins
  2 hobgoblins
  3 kobolds
  6 ball pythons (D:2)
  4 frilled lizards
  A rat (D:1)
  A spectral orc (D:3)
45 creatures vanquished.

Vanquished Creatures (others)
  A quokka (D:1)
1 creature vanquished.

Grand Total: 46 creatures vanquished

Notes
Turn   | Place    | Note
-------+----------+-------------------------------------------
     0 | D:1      | Newt the Draconian Shapeshifter began the quest for the
                  | Orb.
     0 | D:1      | Reached XP level 1. HP: 16/16 MP: 1/1
   414 | D:1      | Reached XP level 2. HP: 23/25 MP: 2/2
   736 | D:2      | Reached XP level 3. HP: 22/31 MP: 3/3
   975 | D:2      | Reached XP level 4. HP: 38/38 MP: 4/4
  1024 | D:2      | Reached skill level 4 in Shapeshifting
  1501 | D:3      | Reached XP level 5. HP: 45/45 MP: 5/5
  1929 | D:3      | Found a basalt altar of Yredelemnul.
  2044 | D:3      | Killed from afar by an orc priest

Illustrated notes

Levels and vault maps discovered:
D:1:      denvon_arrival_planthouse, layout_basic, lemuel_flame_loot_1
D:2:      layout_basic, minivault_25, minmay_snake_closets
D:3:      layout_loops_corners, yredelemnul_forgotten_temple_becter,
          minmay_overflow_temple_hex

Skill      XL: |  1  2  3  4 |
---------------+-------------+-----
Fighting       | 2 3 |  3.0
Shapeshifting  | 4 |  4.8
Dodging        | |  1.7
Unarmed Combat | |  3.0

Action                     |  1- 3 |  4- 6 || total
---------------------------+-------+-------++-------
  Melee: Unarmed           |    14 |       ||    14
         Tailslap          |     3 |     6 ||     9
         Spear             |    13 |       ||    13
         Hand axe          |    20 |    69 ||    89
    Use: Scroll            |       |     6 ||     6
   Stab: Sleeping          |       |     1 ||     1
 Armour: Skin              |    16 |    22 ||    38
  Dodge: Dodged            |    24 |    43 ||    67

Table legend: (Time is in decaauts)
 A = Elapsed time spent in this place.
 B = Non-inter-level travel time spent in this place.
 C = Inter-level travel time spent in this place.
 D = Time resting spent in this place.
 E = Time spent auto-exploring this place.
 F = Levels seen in this place.
 G = Mean time per level.
                   A        B        C        D        E       F      G
               +--------+--------+--------+--------+--------+-----+--------+
         Total |   2069 |   1938 |    131 |      4 |   1630 |   3 |  689.7 |
       Dungeon |   2069 |   1938 |    131 |      4 |   1630 |   3 |  689.7 |
               +--------+--------+--------+--------+--------+-----+--------+

Top non-repeatable levels by time:
     D:2: 861 daAuts
     D:1: 652 daAuts
     D:3: 555 daAuts
